 Dungeon Crawl Stone Soup version 0.17-a0-1515-gfae3d72 (webtiles) character file.

8096 wvc the Thaumaturge (level 11, -2/56 HPs)
             Began as a Deep Elf Conjurer on June 28, 2015.
             Was a High Priest of Cheibriados.
             Slain by a three-headed hydra (14 damage)
             ... on level 11 of the Dungeon on July 13, 2015.
             The game lasted 00:51:51 (11466 turns).

wvc the Thaumaturge (Deep Elf Conjurer)            Turns: 11466, Time: 00:51:52

Health: -2/56      AC: 10    Str: 22    XL:     11   Next: 5%
Magic:  21/31      EV: 15    Int: 36    God:    Cheibriados [*****.]
Gold:   701        SH:  0    Dex: 27    Spells: 8 memorised, 15 levels left

rFire  . . .     SeeInvis .     f - +2 dagger (freeze)
rCold  . . .     Clarity  .     L - +0 troll leather armour
rNeg   + . .     SustAt   +     (no shield)
rPois  +         Gourm    .     v - +0 helmet
rElec  .         Spirit   .     x - +0 cloak
rCorr  .         Warding  .     A - +1 pair of gloves
rMut   .         Stasis   .     u - +0 pair of boots
MR     ++...                    z - amulet of faith
Stlth  +++.......               y - ring of sustain attributes
                                B - ring "Mulaetoj" {rPois rN+ MR+ Str+5}

@: very slow, very resistant to hostile enchantments, fairly stealthy
A: mutation resistance 1
a: Bend Time, Temporal Distortion, Slouch, Step From Time, Renounce Religion


You were on level 11 of the Dungeon.
You worshipped Cheibriados.
Cheibriados was extremely pleased with you.
You were not hungry.

You visited 2 branches of the dungeon, and saw 12 of its levels.

You collected 701 gold pieces.

Inventory:

Hand weapons
 f - a +2 dagger of freezing (weapon)
 i - a +1 dagger of draining
 r - a +1 scythe of protection
 I - a +0 quarterstaff
 M - a +0 blowgun
Missiles
 K - 23 poisoned needles
Armour
 u - a +0 pair of boots (worn)
 v - a +0 helmet (worn)
 x - a +0 cloak (worn)
 A - a +1 pair of gloves (worn)
 L - a +0 troll leather armour (worn)
Jewellery
 m - the ring "Uxasuol" {rF++ rN+ MR- Dex-2 Stlth+}
   (You found it on level 10 of the Dungeon)

   [ring of stealth]

   It affects your dexterity (-2).
   It greatly protects you from fire.
   It protects you from negative energy.
   It affects your resistance to hostile enchantments.
   It makes you more stealthy.
 w - a +2 ring of intelligence
 y - a ring of sustain attributes (right hand)
 z - an amulet of faith (around neck)
 B - the ring "Mulaetoj" (left hand) {rPois rN+ MR+ Str+5}
   (You found it on level 11 of the Dungeon)

   [ring of positive energy]

   It affects your strength (+5).
   It protects you from poison.
   It protects you from negative energy.
   It affects your resistance to hostile enchantments.
Magical devices
 q - a wand of polymorph (1)
 H - a wand of frost (10)
 J - a wand of polymorph (16)
Scrolls
 d - 6 scrolls of teleportation
 g - 3 scrolls of amnesia
 h - 6 scrolls of remove curse
 l - a scroll of fear
 s - 2 scrolls of fog
 G - a scroll of magic mapping
 O - a scroll of identify
Potions
 e - a potion of flight
 j - 2 potions of heal wounds
 k - 3 potions of ambrosia
 n - a potion of magic
 o - a potion of might
 p - 3 potions of curing
 t - 2 potions of lignification
Books
 a - a book of Spatial Translocations

   Spells                             Type                      Level
   a - Apportation                    Translocation                1
   b - Blink                          Translocation                2
   c - Shroud of Golubria             Charms/Translocation         2
   d - Portal Projectile              Translocation                3
   e - Teleport Other                 Translocation                3
   f - Passage of Golubria            Translocation                4
 b - a book of Conjurations

   Spells                             Type                      Level
   a - Magic Dart                     Conjuration                  1
   b - Searing Ray                    Conjuration                  2
   c - Dazzling Spray                 Conjuration/Hexes            3
   d - Fulminant Prism                Conjuration/Hexes            4
   e - Iskenderun's Mystic Blast      Conjuration                  4
   f - Iskenderun's Battlesphere      Conjuration/Charms           5
 C - a book of Dreams

   Spells                             Type                      Level
   a - Ensorcelled Hibernation        Hexes/Ice                    2
   b - Phase Shift                    Translocation                5
   c - Shadow Creatures               Summoning                    5
   d - Silence                        Hexes/Air                    5
   e - Mass Confusion                 Hexes                        6
   f - Darkness                       Hexes                        7
 E - a book of Geomancy

   Spells                             Type                      Level
   a - Sandblast                      Earth                        1
   b - Stoneskin                      Transmutation/Earth          2
   c - Passwall                       Transmutation/Earth          3
   d - Stone Arrow                    Conjuration/Earth            3
   e - Petrify                        Transmutation/Earth          4
   f - Lee's Rapid Deconstruction     Earth                        5
 F - a book of Clouds

   Spells                             Type                      Level
   a - Mephitic Cloud                 Conjuration/Poison/Air       3
   b - Conjure Flame                  Conjuration/Fire             3
   c - Poisonous Cloud                Conjuration/Poison/Air       6
   d - Freezing Cloud                 Conjuration/Ice/Air          6
   e - Ring of Flames                 Charms/Fire                  7
 N - a book of Minor Magic

   Spells                             Type                      Level
   a - Magic Dart                     Conjuration                  1
   b - Blink                          Translocation                2
   c - Call Imp                       Summoning                    2
   d - Repel Missiles                 Charms/Air                   2
   e - Slow                           Hexes                        2
   f - Conjure Flame                  Conjuration/Fire             3
   g - Mephitic Cloud                 Conjuration/Poison/Air       3
Comestibles
 c - 5 bread rations
 D - 4 meat rations


   Skills:
 - Level 1.2 Fighting
 * Level 3.2 Armour
 - Level 3.2 Dodging
 - Level 2.7 Stealth
 - Level 14.1 Spellcasting
 - Level 10.5 Conjurations
 - Level 8.3 Charms
 * Level 5.5 Ice Magic
 - Level 1.8 Air Magic


You had 15 spell levels left.
You knew the following spells:

 Your Spells              Type           Power        Failure   Level  Hunger
a - Magic Dart            Conj           ####         1%          1    None
b - Searing Ray           Conj           ######       1%          2    None
c - Dazzling Spray        Conj/Hex       ######..     1%          3    None
d - Iskenderun's Battles  Conj/Chrm      #######.     1%          5    None
e - Mephitic Cloud        Conj/Pois/Air  ######..     1%          3    None
f - Freezing Cloud        Conj/Ice/Air   ######....   24%         6    ##.....
g - Blink                 Tloc           N/A          2%          2    None
h - Apportation           Tloc           ####......   1%          1    None


Dungeon Overview and Level Annotations

Branches:
Dungeon (11/15)            Temple (1/1) D:7
   Lair: D:8-11         Orc: D:9-12

Altars:
Ashenzari
Cheibriados
Dithmenos
Elyvilon
Fedhas
Gozag
Kikubaaqudgha
Nemelex Xobeh
Qazlal
Sif Muna
Trog
Xom
Yredelemnul
Zin
The Shining One

Shops:
D:8 !

Annotations:
D:11 exclusion: obsidian statue


Innate Abilities, Weirdness & Mutations

You are somewhat resistant to further mutation.


Message History

The three-headed hydra is no longer blind.
Your battlesphere fires!
The barrage of energy hits the three-headed hydra.
The three-headed hydra is severely wounded.
Your battlesphere expends the last of its energy and dissipates.
The big kobold misses you. The three-headed hydra bites you!
The three-headed hydra completely misses you.
The three-headed hydra barely misses you.
Casting: Magic Dart
Confirm with . or Enter, or press ? or * to list all spells.
Aiming: Magic Dart
Press: ? - help, Shift-Dir - straight line, f/p - three-headed hydra
Aim: a three-headed hydra (severely wounded)
The magic dart hits the three-headed hydra.
The three-headed hydra is severely wounded.
The big kobold hits you from afar with a halberd!
* * * LOW HITPOINT WARNING * * *
The three-headed hydra closely misses you.
The three-headed hydra bites you!
You die...

............. #####'#....#....
#.... .....'....#.... #.... ...
#....).... +....
###'###)...#####+#....
##+###...#.................
+...'...>#..§..............
#...#....'.!).....)........
##+#####.§#....#@................
#.....##..######D#####.....[.....
#.....+...##PP≈K≈.≈.#######'#....
......##..##P≈......# ...#....
......###'##≈)P.....# .....+....
#.....+...'#P≈≈..P.%# #.....#....
#.....#...##.≈P..%%.# #..........
#...####..##+###'''## #....).(...
#...####..# #.....# +....###[..


You could see a three-headed hydra and a big kobold.

Vanquished Creatures
  A hill giant (D:10)
  An ugly thing (D:11)
  Joseph (D:8)
  A troll (D:9)
  Grinder (D:5)
  2 two-headed ogres
  3 wyverns
  Sigmund (D:2)
  8 yaks
  A warg (D:11)
  A hungry ghost (D:7)
  5 orc warriors
  A sky beast (D:7)
  An ice beast (D:10)
  A phantom (D:7)
  A necrophage (D:10)
  2 black bears
  2 centaurs
  5 ogres
  5 big kobolds
  Blork the orc (D:5)
  4 giant frogs
  A scorpion (D:5)
  A wyvern skeleton (D:7)
  7 wights (D:6)
  8 crimson imps
  7 orc wizards
  3 orc priests
  2 jellies (D:9)
  A centaur skeleton (D:7)
  2 giant frog skeletons
  12 worker ants
  4 hounds
  2 iguanas
  2 sheep (D:11)
  A hound skeleton (D:7)
  Robin (D:4)
  3 gnolls (D:10)
  10 adders
  4 shadow imps
  An adder skeleton (D:4)
  4 worms
  8 giant geckos
  36 orcs
  A ball python (D:2)
  7 bats
  A bat skeleton (D:5)
  23 goblins
  14 hobgoblins
  4 jackals (D:4)
  5 quokkas
  5 giant newts
  26 kobolds
  A quokka zombie (D:7)
  10 rats
266 creatures vanquished.

Notes
Turn   | Place    | Note
--------------------------------------------------------------
     0 | D:1      | wvc the Deep Elf Conjurer began the quest for the Orb.
     0 | D:1      | Reached XP level 1. HP: 10/10 MP: 6/6
   356 | D:1      | Reached XP level 2. HP: 6/15 MP: 8/8
   599 | D:1      | Learned a level 2 spell: Searing Ray
   917 | D:2      | Reached skill level 5 in Conjurations
   945 | D:2      | Reached XP level 3. HP: 19/19 MP: 1/9
  1243 | D:2      | Noticed Sigmund
  1504 | D:3      | Learned a level 3 spell: Dazzling Spray
  1599 | D:3      | Reached XP level 4. HP: 17/24 MP: 2/11
  1600 | D:3      | Reached skill level 6 in Conjurations
  2091 | D:3      | Reached XP level 5. HP: 14/28 MP: 1/13
  2588 | D:3      | Learned a level 5 spell: Iskenderun's Battlesphere
  3005 | D:2      | Killed Sigmund
  3005 | D:2      | Reached skill level 5 in Spellcasting
  3005 | D:2      | Reached skill level 7 in Conjurations
  3005 | D:2      | Reached XP level 6. HP: 27/32 MP: 2/16
  3579 | D:4      | Found a shattered altar of Ashenzari.
  3792 | D:4      | Noticed Robin
  3908 | D:4      | Killed Robin
  4667 | D:4      | Reached XP level 7. HP: 36/36 MP: 11/18
  4799 | D:5      | Entered Level 5 of the Dungeon
  4934 | D:5      | Found a shadowy altar of Dithmenos.
  4947 | D:5      | Found an opulent altar of Gozag.
  4948 | D:5      | Noticed Grinder
  4960 | D:5      | Paralysed by Grinder for 2 turns
  4976 | D:5      | Killed Grinder
  4976 | D:5      | Reached skill level 8 in Conjurations
  5390 | D:5      | Noticed Blork the orc
  5395 | D:5      | Killed Blork the orc
  5437 | D:5      | Found a bloodstained altar of Trog.
  5775 | D:6      | Reached skill level 1 in Charms
  5786 | D:6      | Reached XP level 8. HP: 41/41 MP: 12/22
  5992 | D:6      | Reached skill level 5 in Charms
  6694 | D:7      | Reached skill level 9 in Spellcasting
  6721 | D:7      | Learned a level 3 spell: Mephitic Cloud
  6834 | D:7      | Found a staircase to the Ecumenical Temple.
  6852 | Temple   | Entered the Ecumenical Temple
  6888 | Temple   | Became a worshipper of Cheibriados the Contemplative
  7175 | D:7      | Reached skill level 10 in Spellcasting
  7175 | D:7      | Reached XP level 9. HP: 37/45 MP: 19/25
  7567 | D:7      | Acquired Cheibriados's first power
  7718 | D:8      | Reached skill level 11 in Spellcasting
  8098 | D:8      | Reached skill level 12 in Spellcasting
  8127 | D:8      | Found a bloodstained altar of Trog.
  8219 | D:8      | Noticed Joseph
  8230 | D:8      | Killed Joseph
  8230 | D:8      | Reached skill level 13 in Spellcasting
  8416 | D:8      | Found Xyataiv's Distillery.
  8454 | D:8      | Upgraded the game from 0.17-a0-1446-gc28613e to 0.17-a0-1447-g3d113ad
  8846 | D:9      | Reached skill level 14 in Spellcasting
  8846 | D:9      | Reached XP level 10. HP: 36/50 MP: 13/30
  9225 | D:9      | Upgraded the game from 0.17-a0-1447-g3d113ad to 0.17-a0-1515-gfae3d72
  9342 | D:9      | Learned a level 6 spell: Freezing Cloud
  9427 | D:9      | Acquired Cheibriados's second power
  9427 | D:9      | Reached skill level 1 in Ice Magic
  9754 | D:10     | Entered Level 10 of the Dungeon
  9779 | D:10     | Got a steaming wooden ring
  9781 | D:10     | Identified the ring "Uxasuol" {rF++ rN+ MR- Dex-2 Stlth+} (You found it on level 10 of the Dungeon)
  9799 | D:10     | Reached skill level 10 in Conjurations
  9799 | D:10     | Reached skill level 1 in Air Magic
 10057 | D:10     | Learned a level 2 spell: Blink
 10304 | D:10     | Acquired Cheibriados's third power
 10655 | D:10     | Reached skill level 1 in Armour
 10713 | D:11     | Noticed a hill giant
 10789 | D:10     | Reached skill level 1 in Fighting
 10890 | D:10     | Killed a hill giant
 11064 | D:11     | Noticed an obsidian statue
 11136 | D:10     | Acquired Cheibriados's fourth power
 11160 | D:11     | Noticed a white ugly thing
 11166 | D:11     | Killed a white ugly thing
 11166 | D:11     | Reached skill level 5 in Ice Magic
 11176 | D:11     | Gained mutation: You are somewhat resistant to further mutation. [mutagenic meat]
 11330 | D:11     | Learned a level 1 spell: Apportation
 11357 | D:11     | Got a fine brass ring
 11359 | D:11     | Identified the ring "Mulaetoj" {rPois rN+ MR+ Str+5} (You found it on level 11 of the Dungeon)
 11366 | D:11     | Got a sapphire-encrusted scale mail
 11377 | D:11     | Identified the cursed +0 scale mail "Abaaff" {rF+ rC+} (You found it on level 11 of the Dungeon)
 11431 | D:11     | Reached XP level 11. HP: 53/56 MP: 17/31
 11455 | D:11     | Noticed a three-headed hydra
 11466 | D:11     | Slain by a three-headed hydra

Vault maps used:
D:1:      scummos_arrival_gate
D:2:      first_bread, item_on_display_a, uniq_sigmund
D:3:      minivault_11, uniq_grinder
D:4:      minmay_misc_feat_chi, nicolae_ashenzari_panopticon, uniq_robin
D:5:      grunt_dithmenos_smoke_and_mirrors, overflow_temple_1_default,
          minmay_statues_item, trog_butcher_becter, uniq_blork_the_orc
D:7:      temple_fountains
D:8:      nicolae_overflow_crystal_walls, serial_shops, shop_coins, uniq_joseph
D:11:     lair_0_dummy, david_orc_3, hangedman_ranch, minmay_protected_statue
Temple:   nicolae_temple_the_god_donut

Action                   |  1- 3 |  4- 6 |  7- 9 | 10-12 || total
-------------------------+-------+-------+-------+-------++-------
Melee: Dagger            |    13 |    13 |       |     1 ||    27
       Scythe            |       |     2 |     9 |    27 ||    38
 Cast: Magic Dart        |    43 |   139 |   208 |   106 ||   496
       Searing Ray       |     3 |    15 |    21 |    19 ||    58
       Dazzling Spray    |       |     4 |    10 |     7 ||    21
       Iskenderun's Batt |       |       |    16 |    23 ||    39
       Mephitic Cloud    |       |       |     4 |     6 ||    10
       Blink             |       |       |       |     7 ||     7
       Apportation       |       |       |       |     2 ||     2
  Use: Scroll            |     6 |     1 |     7 |    14 ||    28
       Potion            |       |       |     2 |     1 ||     3
 Stab: Sleeping          |     2 |       |       |     2 ||     4
       Confused          |       |       |       |     1 ||     1
  Eat: Fruit             |     2 |       |       |       ||     2
       Chunk             |       |     7 |       |     5 ||    12
       Meat ration       |       |     1 |     2 |       ||     3
       Bread ration      |       |       |       |     1 ||     1
       Beef jerky        |       |       |       |     1 ||     1
